 Dungeon Crawl Stone Soup version 0.31-a0-879-g1609e0ac53 (webtiles) character file.

Game seed: 16383853006342747058

183 Lugonue the Sneak (level 5, -2/29 HPs)
             Began as a Vampire Venom Mage on Oct 14, 2023.
             Slain by a river rat (9 damage)
             ... in a sewer.
             The game lasted 00:11:38 (2849 turns).

Lugonue the Sneak (Vampire Venom Mage)              Turns: 2849, Time: 00:11:39

Health: -2/29      AC:  0    Str:  5 (9)  XL:     5   Next: 35%
Magic:  7/8        EV: 19    Int: 14 (18) God:
Gold:   95         SH:  0    Dex: 15 (19) Spells: 3/9 levels left

rFire   . . .        c - melded +2 short sword (freeze)
rCold   + + .        (shield currently unavailable)
rNeg    + + +        e - melded +0 leather armour
rPois   ∞            i - melded +0 helmet
rElec   .            h - melded scarf {+Inv}
rCorr   .            (gloves currently unavailable)
SInv    +            l - melded +2 pair of boots
Will    .....        (no amulet)
Stlth   +++++        (ring currently unavailable)
HPRegen 0.00/turn    (ring currently unavailable)
MPRegen 0.11/turn

%: no passive effects
@: bat-form, flying, bloodless, inhibited regen, very quick
A: fast, flying, no casting, tiny, bloodless, fangs 3, see invisible, vampiric 2
a: Revivify, End Transformation


You were in a sewer.
You were a vampire bat.
You visited 1 branch of the dungeon, and saw 3 of its levels.
You also visited: Sewer.

You collected 95 gold pieces.

Inventory:

Hand Weapons
 c - a +2 short sword of freezing (melded)
Missiles
 d - a throwing net
Armour
 e - a +0 leather armour (melded)
 h - a scarf of invisibility (melded)
 i - a +0 helmet (melded)
 l - a +2 pair of boots (melded)
Scrolls
 g - 3 scrolls of teleportation
Potions
 a - 2 potions of curing
 b - a potion of magic
 m - a potion of heal wounds {unknown}
 n - a potion of ambrosia {unknown}
 o - 5 potions of enlightenment


   Skills:
 * Level 1.5 Fighting
 * Level 2.6 Short Blades
 + Level 1.0 Armour
 + Level 2.8 Dodging
 + Level 4.0 Stealth
 + Level 2.6 Spellcasting
 - Level 1.1 Transmutations
 + Level 3.2 Poison Magic


You had 3 spell levels left.
You knew the following spells:

 Your Spells              Type           Power      Damage    Failure   Level
a - Sting                 Tmut/Pois      28%        1d4       9%          1
b - Poisonous Vapours     Pois/Air       12%        N/A       17%         2
c - Mephitic Cloud        Conj/Pois/Air  4%         N/A       41%         3

Your spell library contained the following spells:

 Spells                   Type           Power      Damage    Failure   Level
 Tukima's Dance           Hex            1%         N/A       56%         3
 Olgreb's Toxic Radiance  Pois           10%        N/A       52%         4
 Dimensional Bullseye     Hex/Tloc       0%         N/A       92%         4
 Iskenderun's Mystic Bla  Conj/Tloc      1%         2d3       92%         4


Dungeon Overview and Level Annotations

Branches:
Dungeon (3/15)              Sewer (1/1)

Altars:


Innate Abilities, Weirdness & Mutations

You are a vampire bat.
You are tiny and dextrous.
You move quickly.
You are flying.
You are immune to poison.
Your equipment is almost entirely melded.
You are incapable of wielding weapons or throwing items.
You cannot cast spells.
You do not regenerate when monsters are visible.
You are frail without blood (-20% HP).
You can heal yourself when you bite living creatures.
You are immune to poison.
You have razor-sharp teeth.
You have supernaturally acute eyesight. (SInv)
You are afflicted with vampirism and can become a bat while bloodless.


Message History

Unknown command.
You barely miss the river rat.
The river rat is severely wounded.
The river rat closely misses you.
Unknown command.
You hit the river rat. You freeze the river rat.
The river rat is almost dead.
The river rat bites you. The river rat misses you. The river rat bites you.
Unknown command.
The river rat attacks as it pursues you!
The river rat bites you but does no damage.
The river rat bites you.
* * * LOW HITPOINT WARNING * * *
You enter the shallow water.
Moving in this stuff is going to be slow.
You fly out of the water as you turn into a vampire bat.
Your +2 short sword of freezing melds into your body.
Your scarf of invisibility melds into your body.
Your +0 helmet melds into your body.
Your +2 pair of boots melds into your body.
Your +0 leather armour melds into your body.
Your +2 short sword of freezing stops glowing.
You feel weakened.
You feel dopey.
You feel clumsy. The river rat barely misses you.
The river rat closely misses you.
The river rat attacks as it pursues you!
The river rat misses you.
The river rat twitches its whiskers.
The river rat twitches its whiskers.
Press: ? - help, v - describe, . - travel
Here: a river rat (water) Some deep water.
Unknown command.
Unknown command.
The river rat completely misses you. The river rat bites you.
* * * LOW HITPOINT WARNING * * *
The river rat attacks as it pursues you!
The river rat bites you!
You die...

.~~~~~~≈~##........##
≈≈≈≈≈≈~≈.####.†.....#
~~~~.~~≈~# ###....##
######.≈~####~.....#
#~≈~##......###
########~≈~.~..†.####
.~.~.~~~~≈≈≈÷~.~≈≈≈≈≈≈#
≈≈≈≈≈≈≈≈≈≈r≈≈≈≈≈≈≈≈≈≈≈#
≈≈≈≈≈≈≈br≈r≈≈≈≈≈≈≈≈≈≈≈#
#######################


You could see 3 river rats.

Vanquished Creatures
  3 gnolls (D:2)
  5 adders
  2 river rats (Sewer)
  5 worms
  A dart slug (D:2)
  2 orcs (D:3)
  9 ball pythons
  4 endoplasms
  2 giant cockroaches (D:3)
  2 goblins
  A hobgoblin (D:1)
  8 jackals
  5 kobolds
  7 quokkas
  9 bats
  A frilled lizard (D:2)
  10 rats
76 creatures vanquished.

Notes
Turn   | Place    | Note
-------+----------+-------------------------------------------
     0 | D:1      | Lugonue the Vampire Venom Mage began the quest for the Orb.
     0 | D:1      | Reached XP level 1. HP: 13/13 MP: 3/3
   198 | D:1      | Reached XP level 2. HP: 13/13 MP: 5/5
  1213 | D:2      | Gained mutation: You are afflicted with vampirism and can
                  | become a bat while bloodless. [Vampire growth]
  1213 | D:2      | Reached XP level 3. HP: 14/17 MP: 6/6
  1298 | D:2      | Reached skill level 1 in Short Blades
  1326 | D:2      | Reached skill level 1 in Fighting
  1329 | D:2      | Learned a level 2 spell: Poisonous Vapours
  1333 | D:2      | Learned a level 3 spell: Mephitic Cloud
  1551 | D:2      | Reached XP level 4. HP: 15/32 MP: 0/7
  2296 | D:3      | Reached skill level 4 in Stealth
  2338 | D:3      | Found a glowing drain.
  2351 | Sewer    | Entered a sewer
  2377 | Sewer    | Reached XP level 5. HP: 18/29 MP: 2/8
  2561 | Sewer    | Reached skill level 1 in Armour
  2849 | Sewer    | Slain by a river rat

Illustrated notes

Levels and vault maps discovered:
D:1:      zaba_arrival_water, layout_basic, corexii_leaking_fountain,
          minmay_tiny_reverse_x
D:2:      layout_loops_ring
D:3:      layout_rooms, gup_sewer_entry_bubbles,
          shapermc_ecumenical_altar_ellora
Sewer:    sewer_fruit_machine

Skill      XL: |  1  2  3  4  5 |
---------------+----------------+-----
Poison Magic   | 3 |  3.2
Short Blades   | 1 2 |  2.6
Fighting       | 1 |  1.5
Stealth        | 4 |  4.0
Armour         | 1 |  1.0
Dodging        | |  2.8
Spellcasting   | |  2.6
Transmutations | |  1.1

Action                     |  1- 3 |  4- 6 || total
---------------------------+-------+-------++-------
  Melee: Short sword       |    68 |   131 ||   199
         Bite              |     5 |    13 ||    18
         Unarmed           |     1 |    15 ||    16
         Punch             |       |     1 ||     1
   Cast: Sting             |    11 |     9 ||    20
         Poisonous Vapours |     4 |    11 ||    15
Ability: Exsanguinate      |     3 |     1 ||     4
         Revivify          |     3 |       ||     3
         Bat Form          |       |     2 ||     2
         End Transformatio |       |     1 ||     1
    Use: Scroll            |     1 |     5 ||     6
   Stab: Sleeping          |     8 |     5 ||    13
 Armour: Robe              |     4 |       ||     4
         Leather armour    |    26 |    75 ||   101
         Skin              |       |     7 ||     7
  Dodge: Dodged            |    39 |   109 ||   148

Table legend: (Time is in decaauts)
 A = Elapsed time spent in this place.
 B = Non-inter-level travel time spent in this place.
 C = Inter-level travel time spent in this place.
 D = Time resting spent in this place.
 E = Time spent auto-exploring this place.
 F = Levels seen in this place.
 G = Mean time per level.
                   A        B        C        D        E       F      G
               +--------+--------+--------+--------+--------+-----+--------+
         Total |   2877 |   2770 |    107 |    101 |   1607 |   4 |  719.2 |
       Dungeon |   2362 |   2255 |    107 |     43 |   1399 |   3 |  787.3 |
         Sewer |    514 |    514 |      0 |     58 |    208 |   1 |  514.0 |
               +--------+--------+--------+--------+--------+-----+--------+

Top non-repeatable levels by time:
     D:1: 1110 daAuts
     D:2: 1060 daAuts
   Sewer: 514 daAuts
     D:3: 192 daAuts
